Map: Central Protocol

Players

ImmortalZodd

  • Race: Zerg Zerg
  • League: Silver

STRIKER - Winner!

  • Race: Terran Terran
  • League: Silver

VOD

Have the link to the VOD?

Description

Time

  • Played on: Jan. 30, 2016, 12:03 a.m.
  • Length: 10:06
Show
View Real Time Build Order
Export as new Build Order

ImmortalZodd Zerg 

Build Orders: Hatch First 

Get SALT Encoding   

  12  0:01  Drone  
  13  0:10  Drone  
  14  0:19  Drone, Extractor  
  15  0:48  Overlord  
  15  0:55  Hatchery  
  14  1:07  Extractor  
  14  1:10  Spawning Pool  
  12  1:11  Drone  
  12  1:15  Drone  
  14  1:20  Drone  
  14  1:25  Drone  
  16  1:33  Drone  
  17  1:45  Drone  
  18  1:54  Drone  
  19  2:03  Queen  
  21  2:08  Drone x2  
  23  2:19  Metabolic Boost  
  23  2:24  Drone x2  
  23  2:27  Drone  
  23  2:29  Queen  
  28  2:35  Overlord  
  28  2:53  Zergling x6  
  28  2:54  Zergling x2  
  32  3:00  Drone  
  32  3:01  Drone  
  34  3:09  Drone  
  35  3:22  Drone  
  35  3:23  Roach Warren  
  35  3:24  Overlord  
  35  3:29  Extractor  
  35  3:33  Evolution Chamber  
  33  3:35  Hatchery  
  33  3:38  Evolution Chamber, Overlord  
  33  3:40  Overlord  
  31  3:52  Drone x5  
  36  4:02  Drone x2  
  38  4:03  Drone x2  
  38  4:04  Drone  
  41  4:12  Lair  
  41  4:18  Drone x2  
  41  4:23  Queen  
  45  4:27  Drone  
  45  4:28  Roach  
  48  4:39  Extractor  
  47  5:01  Roach x4  
  55  5:18  Drone  
  55  5:19  Drone x4  
  54  5:35  Zergling x8  
  48  5:36  Zergling x14  
  55  5:44  Zergling x2  
  55  5:45  Zergling x2  
  55  5:49  Zergling x4  
  53  5:58  Zergling x4  
  53  6:00  Zergling x2  
  49  6:08  Zergling x2  
  48  6:16  Zergling x6  
  48  6:25  Spine Crawler  
  46  6:26  Spine Crawler, Zergling x4  
  46  6:29  Spine Crawler  
  46  6:31  Zergling x2  
  46  6:42  Zergling x2  
  46  6:43  Zergling x2  
  46  6:44  Spine Crawler x2  
  46  6:46  Overseer  
  41  6:56  Roach x2  
  41  7:00  Roach  
  45  7:15  Roach x2  
  45  7:16  Roach x3  
  51  7:25  Overlord  
  49  7:43  Roach  
  51  7:51  Roach x3  
  53  8:19  Zergling x10  
  44  8:54  Roach Warren  
  43  9:04  Zergling x2  
  43  9:05  Zergling x14  
Show
View Real Time Build Order
Export as new Build Order

STRIKER Terran - Winner!

Build Orders:  

Get SALT Encoding   

  12  0:03  SCV  
  13  0:15  SCV  
  14  0:28  SCV, Supply Depot  
  15  0:50  SCV  
  15  0:52  Refinery  
  15  0:54  Barracks  
  16  1:01  Refinery  
  16  1:02  SCV  
  17  1:14  SCV  
  17  1:15  Supply Depot  
  18  1:26  SCV  
  19  1:40  Engineering Bay  
  19  1:49  Barracks Reactor  
  19  1:55  Supply Depot  
  19  1:57  Orbital Command  
  19  2:10  Factory  
  19  2:27  Barracks  
  19  2:30  Marine x2  
  19  2:36  SCV  
  22  2:48  SCV, Marine x2  
  25  2:55  Factory Tech Lab  
  25  2:59  Supply Depot  
  25  3:06  Marine x2  
  25  3:07  SCV  
  28  3:17  Hellion  
  28  3:19  SCV  
  31  3:21  Barracks Tech Lab  
  31  3:32  Supply Depot  
  31  3:44  Marine x2  
  31  3:45  Marauder  
  31  3:47  Hellion  
  37  3:53  SCV  
  38  4:13  Command Center  
  38  4:23  Missile Turret  
  38  4:25  SCV  
  39  4:33  Siege Tank  
  39  4:37  SCV  
  43  4:39  Marauder  
  45  4:51  Missile Turret  
  45  4:59  Marine  
  45  5:00  Marine  
  45  5:01  Marauder  
  49  5:10  Concussive Shells  
  41  6:03  Marine x3  
  43  6:05  Widow Mine  
  45  6:20  Marine  
  45  6:21  Planetary Fortress, Marauder, Refinery, Marine  
  48  6:28  Refinery  
  48  6:33  Combat Shields  
  48  6:34  Widow Mine  
  48  6:43  Marauder  
  44  7:02  Widow Mine  
  44  7:04  Marauder  
  43  7:16  Marine  
  43  7:17  Marine  
  45  7:25  Marauder  
  45  7:26  SCV  
  48  7:31  Widow Mine  
  48  7:34  Marine  
  48  7:35  Marine  
  52  7:37  SCV  
  52  7:38  SCV  
  54  7:46  Marine  
  54  7:49  SCV  
  54  7:50  SCV  
  57  7:52  Marine x2  
  59  8:01  SCV  
  59  8:02  SCV  
  59  8:04  Marine  
  62  8:06  Terran Infantry Weapons Level 1  
  62  8:07  Siege Tank  
  62  8:10  Marine x2  
  67  8:13  SCV  
  67  8:15  SCV  
  61  8:22  Marine  
  61  8:25  SCV  
  62  8:28  Marine x2  
  64  8:39  Siege Tank  
  64  8:40  Marauder  
  69  8:55  Marine  
  70  9:03  Marauder, Marine  
  73  9:11  Widow Mine  
  73  9:13  Marine  
  76  9:21  Marine  
  77  9:25  Marauder  
  77  9:30  Marine  
Tags
 
Add a new tag
Caveats
  • Supply blocks, unpowered buildings, or Contaminate may cause inaccurate times.
  • Supply counts are checked every 10 seconds.